 Dungeon Crawl Stone Soup version 0.29-a0-775-g4d7333d4e2 (webtiles) character file.

Game seed: 6439729136926166029

11750 Pooter the Skirmisher (level 11, -1/150 HPs)
             Began as a Minotaur Hunter on July 1, 2022.
             Was an Elder of Trog.
             Succumbed to an orc warlord's poison
             ... on level 10 of the Dungeon on July 2, 2022.
             The game lasted 01:24:16 (13812 turns).

Pooter the Skirmisher (Minotaur Hunter)            Turns: 13812, Time: 01:24:17

Health: -1/150     AC: 20    Str: 13    XL:     11   Next: 53%
Magic:  10/10      EV:  7    Int:  6    God:    Trog [****..]
Gold:   147        SH:  0    Dex: 16    Spells: 10/10 levels left

rFire   . . .      SeeInvis .   a - +5 battleaxe
rCold   . . .      Faith    +   (shield currently unavailable)
rNeg    . . .      Spirit   .   Z - +8 plate armour
rPois   .          Reflect  .   (helmet restricted)
rElec   +          Harm     +   A - scarf {harm}
rCorr   .          Rampage  .   v - +0 pair of gloves
Will    +++..                   M - +0 pair of boots "Apeby" {*Corrode rElec Str-5 Slay+5}
Stlth   ..........              B - amulet of faith {!P}
HPRegen 1.35/turn               o - +4 ring of evasion
MPRegen 0.12/turn               S - ring of willpower

@: berserking, lethally poisoned (-1 -> -19), strong-willed, regenerating, very
quick
A: horns 2, retaliatory headbutt
a: Renounce Religion, Berserk, Trog's Hand, Brothers in Arms


You were on level 10 of the Dungeon.
You worshipped Trog.
Trog was greatly pleased with you.
You visited 3 branches of the dungeon, and saw 12 of its levels.
You also visited: Sewer and Bailey.

You collected 647 gold pieces.
You spent 500 gold pieces at shops.

Inventory:

Hand Weapons
 a - a +5 battleaxe (weapon)
   (You took it off a wight on level 10 of the Dungeon)
 b - a +0 shortbow
 i - a +2 battleaxe
   (You took it off an orc warrior on level 8 of the Dungeon)
 k - a +0 morningstar
   (You took it off an orc on level 5 of the Dungeon)
 l - a +0 sling
   (You found it on level 2 of the Dungeon)
 n - a +0 war axe
   (You found it on level 3 of the Dungeon)
 y - a +0 trident
   (You found it on level 3 of the Dungeon)
 E - a +0 flail of holy wrath
   (You took it off Edmund on level 4 of the Dungeon)
 L - a +2 vampiric short sword
   (You took it off a kobold on level 4 of the Dungeon)
 R - a +2 whip of flaming
   (You found it on level 7 of the Dungeon)
Missiles
 r - 3 curare-tipped darts
 z - 53 poisoned darts (quivered)
 Q - 142 stones
Armour
 v - a +0 pair of gloves (worn)
   (You found it in a sewer)
 A - a scarf of harm (worn)
   (You found it on level 10 of the Dungeon)
 M - the +0 pair of boots "Apeby" (worn) {*Corrode rElec Str-5 Slay+5}
   (You bought it in a shop on level 2 of the Dungeon)

   Str:       It affects your strength (-5).
   Slay:      It affects your accuracy & damage with ranged weapons and melee
   (+5).
   rElec:     It insulates you from electricity.
   *Corrode:  It may corrode you when you take damage.
 Z - a +8 plate armour (worn)
   (You took it off an orc warrior on level 8 of the Dungeon)
Jewellery
 c - a ring of fire
   (You found it on level 1 of the Dungeon)
 h - a ring of flight
   (You found it in a sewer)
 o - a +4 ring of evasion (left hand)
   (You found it on level 2 of the Dungeon)
 B - an amulet of faith (around neck) {!P}
   (You found it on level 4 of the Dungeon)
 G - an amulet of guardian spirit
   (You found it on level 3 of the Dungeon)
 S - a ring of willpower (right hand)
   (You found it on level 7 of the Dungeon)
 T - a +6 ring of intelligence
   (You found it on level 7 of the Dungeon)
Wands
 q - a wand of polymorph (2)
   (You found it on level 6 of the Dungeon)
 D - a wand of digging (3)
   (You found it on level 8 of the Dungeon)
 V - a wand of mindburst (4)
   (You took it off a kobold on level 8 of the Dungeon)
 W - a wand of light (10)
   (You found it on level 8 of the Dungeon)
Scrolls
 e - 2 scrolls of blinking
 g - a scroll of poison {!r}
 m - 2 scrolls of vulnerability {!r}
 t - 4 scrolls of teleportation {@r4}
 F - a scroll of noise {!r}
 H - 2 scrolls of enchant armour
 K - a scroll of silence
 N - 2 scrolls of immolation {!r}
 O - a scroll of torment {!r}
 Y - 2 scrolls of summoning
Potions
 d - 3 potions of haste {unknown}
 f - 5 potions of curing {@q1}
 p - 5 potions of might {unknown}
 s - 6 potions of heal wounds {@q2}
 u - a potion of berserk rage {unknown}
 w - a potion of lignification {!q}
 x - a potion of invisibility {unknown}
 C - 2 potions of flight {unknown}
 I - a potion of ambrosia {unknown}
 J - 2 potions of mutation {unknown}
 P - 2 potions of brilliance {unknown}
 U - 3 potions of cancellation {unknown}
 X - 2 potions of attraction {!q}
Miscellaneous
 j - a condenser vane
   (You found it on level 10 of the Dungeon)


   Skills:
 + Level 10.3 Fighting
 * Level 10.5 Axes
 * Level 13.6 Ranged Weapons
 - Level 2.1 Dodging
 - Level 0.7 Stealth
 + Level 6.7 Evocations


You had 10 spell levels left.
You didn't know any spells.
Your spell library contained the following spells:

 Spells                   Type           Power      Damage    Failure   Level
 Slow                     Hex            0%         N/A       100%        1
 Blink                    Tloc           0%         N/A       100%        2
 Confusing Touch          Hex            0%         N/A       100%        3
 Lesser Beckoning         Tloc           0%         N/A       100%        3
 Vampiric Draining        Necr           0%         2d6       100%        3
 Manifold Assault         Tloc           0%         N/A       100%        5


Dungeon Overview and Level Annotations

Branches:
Dungeon (10/15)            Temple (1/1) D:4            Lair (0/6) D:9
    Orc (1/2) D:10          Sewer (visited)          Bailey (visited)

Altars:
Ashenzari
Cheibriados
Dithmenos
Elyvilon
Fedhas
Gozag
Hepliaklqana
Kikubaaqudgha
Makhleb
Nemelex Xobeh
Okawaru
Qazlal
Ru
Sif Muna
Trog
Uskayaw
Vehumet
Wu Jian
Xom
Yredelemnul
Zin
The Shining One

Shops:
D:2 [([[!   D:10 *(:[


Innate Abilities, Weirdness & Mutations

You have a pair of horns on your head.
You reflexively headbutt those who attack you in melee.


Message History

You start resting.
You feel the effects of Trog's Hand fading.
You start resting.
Your skin stops crawling.
You feel less strong-willed.
You start resting.
Okay, then.
Unknown command.
Unknown command.
Unknown command.
Your skin crawls.
You feel strong-willed.
You climb downwards.
Welcome back to the Orcish Mines!
The orc shouts!
The orc knight shouts!
The orc shouts!
You hear a shout!
The orc barely misses you.
The orc knight roars a battlecry!
The orcs go into a battle-frenzy!
There is a staircase back to the Dungeon, spattered with blood here.
The orc warlord hits you with a +2 battleaxe of venom!!!
Ouch! That really hurt!
* * * LOW HITPOINT WARNING * * *
The orc hits you but does no damage. x2
You climb upwards.
Welcome back to the Dungeon!
There is a staircase to the Orcish Mines, spattered with blood here.
A red film seems to cover your vision as you go berserk!
You feel yourself moving faster!
You feel mighty! The orc hits you but does no damage.
The orc warlord barely misses you.
You slash the orc warlord! You headbutt the orc warlord. You slash the orc!
You kill the orc!
Trog accepts your kill.
You slice the orc warlord!! You slice the orc!!
You kill the orc!
Trog accepts your kill.
The orc warlord hits you but does no damage.
You barely miss the orc warlord. You slash the orc priest!
You kill the orc priest!
Trog accepts your kill. The orc warlord barely misses you.
You furiously retaliate!
You headbutt the orc warlord. You closely miss the orc warlord.
You headbutt the orc warlord.
The orc warlord hits you with a +2 battleaxe of venom!!!
* * * LOW HITPOINT WARNING * * *
You are poisoned.
Unknown command.
You slice the orc warlord!! You headbutt the orc warlord!
You feel very sick.
The orc warlord hits you with a +2 battleaxe of venom!
* * * LOW HITPOINT WARNING * * *
You are more poisoned.
You hit the orc warlord.
You die...

#......^...####.#..#.##
#....
###..#####.#..........#
#.###
#..#####.#.#...#....####.#..
#.....................##.#⌠.
##.####....#..........##.#..
#.# #.#.###............'⌠.
#.# #.#[#####.....###..###
#.# #.#.)o# #.....# #..###
#.# #.#.#@# #..#### ##.##.
#.# #.#.### #..# #..## #.#
##.#.#####..# #####...# #.#
#...........# #........ #.#
#..##.##.#.####.#######
#.###..##...........# #
#......##....#.####.# #
######.##....#......# ##
#.##....#.####.# #.


You could see an orc warlord (strong).

Vanquished Creatures
  A two-headed ogre (D:9)
  Pikel (D:8)
  3 orc knights (Bailey)
  A deep elf pyromancer (D:10)
  An orc sorcerer (D:10)
  Psyche (D:9)
  Maggie (D:9)
  3 trolls (D:10)
  A wyvern (D:8)
  A wraith (D:9)
  A steam dragon (D:8)
  Menkaure (D:4)
  5 wargs
  Edmund (D:4)
  An acid dragon (D:10)
  A water moccasin (D:6)
  Pargi (Sewer)
  A black bear (D:6)
  4 sky beasts
  14 orc warriors
  4 ogres
  3 centaurs
  4 lemures (D:7)
  A phantom (D:5)
  5 kobold brigands
  2 necrophages
  2 bullfrogs
  6 scorpions
  A gnoll sergeant (D:9)
  13 wights
  6 killer bees (D:9)
  3 electric eels (D:8)
  5 howler monkeys (D:9)
  4 hounds
  4 jellies
  7 orc priests
  6 iguanas
  10 orc wizards
  9 adders
  7 gnolls
  A shadow imp (D:7)
  6 ufetubi
  2 worms
  3 dart slugs
  42 orcs
  9 ball pythons
  9 bats
  3 endoplasms
  3 giant cockroaches (D:1)
  15 goblins
  5 hobgoblins
  3 jackals (D:3)
  39 kobolds
  6 quokkas
  2 frilled lizards
  5 rats
299 creatures vanquished.

Vanquished Creatures (collateral kills)
  A bouda (D:4)
  2 gnolls (D:4)
  4 orcs
7 creatures vanquished.

Vanquished Creatures (others)
  An ogre (Orc:1)
  A scorpion (D:5)
  An orc wizard (D:10)
  An orc (Bailey)
  A plant (D:9)
5 creatures vanquished.

Grand Total: 311 creatures vanquished

Notes
Turn   | Place    | Note
-------+----------+-------------------------------------------
     0 | D:1      | Pooter the Minotaur Hunter began the quest for the Orb.
     0 | D:1      | Reached XP level 1. HP: 18/18 MP: 0/0
   125 | D:1      | Reached XP level 2. HP: 20/25 MP: 1/1
   575 | D:1      | Reached skill level 5 in Ranged Weapons
   885 | D:1      | Reached XP level 3. HP: 31/31 MP: 2/2
   955 | D:2      | Found Teit's Distillery.
   990 | D:2      | Bought a potion of curing for 36 gold pieces
   990 | D:2      | Found Fiqigu's Antique Armour Boutique.
  1045 | D:2      | Found Maxkuups's Armour Emporium.
  1072 | D:2      | Found Sitiy's Antique Weapon Boutique.
  1217 | D:2      | Found Tecum's Antique Armour Shop.
  1646 | D:2      | Reached XP level 4. HP: 23/39 MP: 3/3
  1845 | D:3      | Reached skill level 6 in Ranged Weapons
  1984 | D:3      | Found a faded altar of an unknown god.
  2289 | D:3      | Reached XP level 5. HP: 35/46 MP: 4/4
  2483 | D:3      | Found an ornate altar of the Wu Jian Council.
  2997 | D:4      | Noticed Menkaure
  3511 | D:4      | Found a staircase to the Ecumenical Temple.
  3519 | Temple   | Entered the Ecumenical Temple
  3536 | Temple   | Became a worshipper of Trog the Wrathful
  3632 | D:4      | Killed Menkaure
  3633 | D:4      | Reached skill level 5 in Fighting
  3633 | D:4      | Reached skill level 7 in Ranged Weapons
  3633 | D:4      | Reached XP level 6. HP: 56/56 MP: 5/5
  3752 | D:4      | Noticed Edmund
  3766 | D:4      | Killed Edmund
  3767 | D:4      | Reached skill level 8 in Ranged Weapons
  3767 | D:4      | Reached skill level 1 in Evocations
  3767 | D:4      | Reached XP level 7. HP: 41/61 MP: 6/6
  4263 | D:5      | Entered Level 5 of the Dungeon
  4327 | D:5      | Reached * piety under Trog
  4457 | D:5      | Found a glowing drain.
  4468 | Sewer    | Entered a sewer
  4492 | Sewer    | Noticed Pargi
  4509 | Sewer    | Killed Pargi
  4697 | D:5      | Reached skill level 9 in Ranged Weapons
  4697 | D:5      | Reached XP level 8. HP: 63/71 MP: 7/7
  5467 | D:5      | Reached ** piety under Trog
  5889 | D:6      | Reached skill level 1 in Axes
  5920 | D:6      | Found a stormy altar of Qazlal.
  5931 | D:6      | Reached skill level 10 in Ranged Weapons
  6293 | D:6      | Reached XP level 9. HP: 69/79 MP: 8/8
  6482 | D:2      | Bought a pair of pitted boots for 218 gold pieces
  6482 | D:2      | Identified the +0 pair of boots "Apeby" {*Corrode rElec
                  | Str-5 Slay+5} (You bought it in a shop on level 2 of the
                  | Dungeon)
  7923 | D:7      | Reached *** piety under Trog
  8194 | D:2      | Bought a potion of heal wounds for 60 gold pieces
  8571 | D:7      | Reached skill level 5 in Axes
  8571 | D:7      | Reached skill level 11 in Ranged Weapons
  8593 | D:8      | Noticed Pikel
  8862 | D:8      | Killed Pikel
  8970 | D:8      | Reached skill level 5 in Evocations
  9060 | D:8      | Reached XP level 10. HP: 85/90 MP: 9/9
  9342 | D:8      | Found a radiant altar of Vehumet.
  9364 | D:8      | You fall into a shaft and drop 1 floor!
  9896 | D:9      | Found a staircase to the Lair.
  9901 | D:9      | Reached skill level 12 in Ranged Weapons
  9911 | D:9      | Reached **** piety under Trog
 10502 | D:9      | Noticed a two-headed ogre
 10509 | D:9      | Killed a two-headed ogre
 10607 | D:9      | Noticed Maggie
 10620 | D:9      | Killed Maggie
 10810 | D:9      | Noticed Psyche
 10815 | D:9      | Killed Psyche
 10949 | D:10     | Entered Level 10 of the Dungeon
 11050 | D:10     | Found Byattaimas's Weapon Shoppe.
 11053 | D:10     | Found a flagged portal.
 11068 | Bailey   | Entered a bailey
 11582 | Bailey   | Noticed an orc knight
 11582 | Bailey   | Noticed an orc knight
 11590 | Bailey   | Killed an orc knight
 11591 | Bailey   | Reached XP level 11. HP: 69/99 MP: 10/10
 11592 | Bailey   | Killed an orc knight
 11725 | Bailey   | Noticed an orc knight
 11737 | Bailey   | Killed an orc knight
 11738 | Bailey   | Reached skill level 13 in Ranged Weapons
 11974 | D:10     | Found Toed's Assorted Antiques.
 12002 | D:10     | Bought a scroll of identify for 60 gold pieces
 12002 | D:10     | Bought an amethyst potion for 27 gold pieces
 12002 | D:10     | Bought an emerald potion for 27 gold pieces
 12173 | D:10     | Found a staircase to the Orcish Mines.
 12297 | D:10     | Found a broken altar of Ashenzari.
 12314 | D:10     | Found Ritoczye's Armour Emporium.
 12350 | D:10     | Found a shimmering altar of Xom.
 12350 | D:10     | Found an ancient bone altar of Kikubaaqudgha.
 12359 | D:10     | Reached skill level 10 in Fighting
 12457 | D:10     | Found Gir Ohy's Book Shop.
 12586 | D:10     | Noticed a deep elf pyromancer
 12696 | D:10     | Killed a deep elf pyromancer
 12697 | D:10     | Reached skill level 10 in Axes
 13227 | D:2      | Bought a potion of attraction for 36 gold pieces
 13227 | D:2      | Bought a potion of lignification for 36 gold pieces
 13420 | Orc:1    | Entered Level 1 of the Orcish Mines
 13420 | Orc:1    | Noticed an orc sorcerer
 13424 | Orc:1    | Noticed an orc warlord
 13430 | D:10     | Killed an orc sorcerer
 13634 | Orc:1    | Noticed an orc sorcerer
 13803 | Orc:1    | Noticed an orc knight
 13811 | D:10     | HP: 4/150 [orc warlord/+2 battleaxe of venom (15)]
 13812 | D:10     | Succumbed to an orc warlord's poison

Illustrated notes

Levels and vault maps discovered:
D:1:      saegor_arrival_simple_e, layout_basic, palyth_stone_intersect,
          minmay_pentomino_r2
D:2:      layout_loops_ring, serial_shops, shop, nicolae_diamond_shop, shop,
          nicolae_diamond_shop, shop, chequers_arboretum
D:3:      layout_loops_corners, nicolae_wu_jian_glorious_leap,
          shapermc_ecumenical_altar_flowoftime
D:4:      layout_loops_ring, minmay_temple_entry_statues_pillars, uniq_menkaure,
          uniq_edmund
D:5:      minmay_angry_zag, layout_rooms, cheibrodos_sewer_entry_sluice
D:6:      layout_layer_cave, lemuel_round_altar
D:7:      layout_loops_ring
D:8:      layout_cave_pools, vehumet_crystals, kennysheep_boxes, uniq_pikel
D:9:      layout_roguey, erik_lair_orcish_takeover, uniq_psyche, uniq_maggie
D:10:     layout_loops_ring, cheibrodos_ashenzari_chains, jmf_multi_god_temple,
          orc_0_dummy, serial_shops,
          nicolae_shop_temple_entry_statues_fountains, nicolae_shop_waterfront,
          shop, nicolae_shop_competitors_out_of_business, enter_bailey_4
Temple:   lightli_temple_of_artemis
Orc:1:    layout_caves, gammafunk_ghost_split, serial_shops, shop_fountains,
          shop_fountains, minmay_shop_mass, uniq_harold

Skill      XL: |  1  2  3  4  5  6  7  8  9 10 11 |
---------------+----------------------------------+-----
Fighting       | 3 4 5 6 7 8 9 10 | 10.3
Ranged Weapons | 5 6 7 8 9 10 11 12 13 | 13.6
Evocations     | 1 2 4 5 6 |  6.7
Axes           | 3 6 9 10 | 10.5
Dodging        | |  2.1
Stealth        | |  0.7

Action                   |  1- 3 |  4- 6 |  7- 9 | 10-12 || total
-------------------------+-------+-------+-------+-------++-------
Melee: Spear             |    18 |       |       |       ||    18
       Headbutt          |     4 |    10 |    52 |    28 ||    94
       Punch             |     1 |       |     2 |       ||     3
       Mace              |       |    13 |       |       ||    13
       Trident           |       |    28 |       |       ||    28
       Short sword       |       |    17 |    81 |       ||    98
       Morningstar       |       |       |    30 |       ||    30
       War axe           |       |       |    79 |     4 ||    83
       Battleaxe         |       |       |       |   153 ||   153
 Fire: Shortbow          |    69 |    65 |   136 |    43 ||   313
Throw: Dart              |       |       |     3 |    11 ||    14
Invok: Berserk           |       |       |     5 |    12 ||    17
       Trog's Hand       |       |       |     1 |    11 ||    12
Evoke: Wand              |       |     2 |     7 |    12 ||    21
  Use: Scroll            |     1 |     4 |    11 |    16 ||    32
       Potion            |       |     2 |     1 |     1 ||     4
 Stab: Invisible         |       |       |       |     1 ||     1
Armor: Ring mail         |     7 |       |       |       ||     7
       Scale mail        |     3 |       |       |       ||     3
       Chain mail        |    11 |    33 |   126 |       ||   170
       Plate armour      |       |       |       |   149 ||   149
Dodge: Dodged            |    29 |    36 |   184 |    91 ||   340

Table legend: (Time is in decaauts)
 A = Elapsed time spent in this place.
 B = Non-inter-level travel time spent in this place.
 C = Inter-level travel time spent in this place.
 D = Time resting spent in this place.
 E = Time spent auto-exploring this place.
 F = Levels seen in this place.
 G = Mean time per level.
                   A        B        C        D        E       F      G
               +--------+--------+--------+--------+--------+-----+--------+
         Total |  14222 |  12845 |   1377 |   3292 |   6814 |  14 | 1015.9 |
       Dungeon |  13109 |  11748 |   1361 |   2784 |   6588 |  10 | 1310.9 |
        Temple |     34 |     18 |     16 |      0 |      0 |   1 |   34.0 |
  Orcish Mines |     13 |     13 |      0 |      0 |      0 |   1 |   13.0 |
         Sewer |    192 |    192 |      0 |     56 |      0 |   1 |  192.0 |
        Bailey |    871 |    871 |      0 |    452 |    226 |   1 |  871.0 |
               +--------+--------+--------+--------+--------+-----+--------+

Top non-repeatable levels by time:
     D:3: 1831 daAuts
     D:6: 1756 daAuts
    D:10: 1622 daAuts
     D:9: 1552 daAuts
     D:5: 1479 daAuts
     D:2: 1130 daAuts
     D:7: 1096 daAuts
     D:1: 967 daAuts
     D:4: 967 daAuts
  Bailey: 871 daAuts
     D:8: 706 daAuts
   Sewer: 192 daAuts
  Temple: 34 daAuts
   Orc:1: 13 daAuts
